| TOP OF THE 1ST |
|
Texas Rangers batting - Pitching for Cleveland Indians : RHP Justin Judson
|
|
Pitching: RHP Justin Judson
|
|
|
Batting: RHB Rich Stinson
|
0-0: Ball 1-0: Ball 2-0: Called Strike 2-1: Foul Ball, location: 2F 2-2: Ball 3-2: Foul Ball, location: 2F 3-2: Foul Ball, location: 2F 3-2: Foul Ball, location: 2F 3-2: Strikes out looking
|
|
Batting: RHB David Casas
|
0-0: Ball 1-0: DOUBLE (Line Drive, 3D, EV 98.8 MPH)
|
|
Batting: SHB John Giesbrecht
|
0-0: Called Strike 0-1: Ball 1-1: SINGLE (Line Drive, 34D, EV 95.6 MPH) David Casas to third
|
|
Batting: LHB Da Vo
|
Pickoff Throw to First - Out! 1-3 0-0: Ball 1-0: Ball 2-0: Ball 3-0: Base on Balls
|
|
Batting: LHB Johan de Vries
|
0-0: Called Strike 0-1: Ball 1-1: 3-RUN HOME RUN (Flyball, 9LD, EV 90.6 MPH), Distance : 349 ft
|
|
Batting: SHB Vince Ealy
|
0-0: Ball 1-0: Called Strike 1-1: Ball 2-1: Ground out 6-3 (Groundball, 6, EV 92.5 MPH)
|
| Top of the 1st over - 3 runs, 3 hits, 0 errors, 0 left on base; Texas 3 - Cleveland 0 |
| BOTTOM OF THE 1ST |
|
Cleveland Indians batting - Pitching for Texas Rangers : RHP Lu-shan Zhào
|
|
Pitching: RHP Lu-shan Zhào
|
|
|
Batting: RHB Drtian Thaqi
|
0-0: Ball 1-0: Ground out 6-3 (Groundball, 6S, EV 70.6 MPH)
|
|
Batting: LHB Kyle Schaible
|
0-0: Called Strike 0-1: Swinging Strike 0-2: Ball 1-2: Fly out, F9 (Flyball, 9D, EV 96.9 MPH)
|
|
Batting: SHB Moe Lester
|
0-0: Ball 1-0: Foul Ball, location: 2F 1-1: Swinging Strike 1-2: Ground out U3 (Groundball, 3L, EV 111.9 MPH)
|
| Bottom of the 1st over - 0 runs, 0 hits, 0 errors, 0 left on base; Texas 3 - Cleveland 0 |
| TOP OF THE 2ND |
|
Texas Rangers batting - Pitching for Cleveland Indians : RHP Justin Judson
|
|
Batting: RHB Casey Semenza
|
0-0: Ball 1-0: Called Strike 1-1: Ground out 4-3 (Groundball, 4, EV 78.1 MPH)
|
|
Batting: RHB Zhao-ji Chi
|
0-0: Foul Ball, location: 2F 0-1: Ground out 6-3 (Groundball, 56, EV 99.4 MPH)
|
|
Batting: RHB Alex Sandoval
|
0-0: Ball 1-0: Foul Ball, location: 2F 1-1: Called Strike 1-2: Strikes out swinging
|
| Top of the 2nd over - 0 runs, 0 hits, 0 errors, 0 left on base; Texas 3 - Cleveland 0 |
| BOTTOM OF THE 2ND |
|
Cleveland Indians batting - Pitching for Texas Rangers : RHP Lu-shan Zhào
|
|
Batting: LHB Arvin Dungca
|
0-0: Called Strike 0-1: Ball 1-1: Ball 2-1: Ball 3-1: Foul Ball, location: 2F 3-2: Foul Ball, location: 2F 3-2: Base on Balls
|
|
Batting: LHB Hector Pedroso
|
0-0: Ball Arvin Dungca steals 2nd base 1-0: Ground out 4-3 (Groundball, 4, EV 111.2 MPH) Arvin Dungca to third
|
|
Batting: LHB Fernando Campos
|
0-0: Called Strike 0-1: Ball 1-1: Swinging Strike 1-2: Ball 2-2: Strikes out swinging
|
|
Batting: RHB Paul Word
|
0-0: Called Strike 0-1: Foul Ball, location: 2F 0-2: Foul Ball, location: 2F 0-2: Ball 1-2: Strikes out swinging
|
| Bottom of the 2nd over - 0 runs, 0 hits, 0 errors, 1 left on base; Texas 3 - Cleveland 0 |
| TOP OF THE 3RD |
|
Texas Rangers batting - Pitching for Cleveland Indians : RHP Justin Judson
|
|
Batting: RHB Rich Stinson
|
0-0: SINGLE (Groundball, 34D, EV 103.8 MPH)
|
|
Batting: RHB David Casas
|
0-0: Ball 1-0: Called Strike 1-1: Ball 2-1: Swinging Strike 2-2: Fly out, F7 (Flyball, 78D, EV 103.8 MPH)
|
|
Batting: SHB John Giesbrecht
|
0-0: Called Strike 0-1: Foul Ball, location: 2F 0-2: Ball 1-2: Fly out, F9 (Flyball, 89S, EV 90.6 MPH)
|
|
Batting: LHB Da Vo
|
0-0: Foul Ball, location: 2F 0-1: Hit by Pitch Rich Stinson to second
|
|
Batting: LHB Johan de Vries
|
0-0: Called Strike 0-1: Ball 1-1: Ball 2-1: SINGLE (Line Drive, 4D, EV 94.4 MPH) Rich Stinson to third Da Vo to second Runner from 3rd tries for Home, SAFE, throw by CF to home
|
|
Batting: SHB Vince Ealy
|
0-0: Ball Wild Pitch! Da Vo to third Johan de Vries to second 1-0: Ground out 1-3 (Groundball, 15S, EV 74.4 MPH)
|
| Top of the 3rd over - 1 run, 2 hits, 0 errors, 2 left on base; Texas 4 - Cleveland 0 |
| BOTTOM OF THE 3RD |
|
Cleveland Indians batting - Pitching for Texas Rangers : RHP Lu-shan Zhào
|
|
Batting: RHB Chad Manning
|
0-0: SINGLE (Groundball, 6M, EV 95.6 MPH) (infield hit)
|
|
Batting: RHB Justin Ganey
|
0-0: Called Strike 0-1: Ground out 5-3 (Groundball, 56S, EV 65.6 MPH) Chad Manning to second
|
|
Batting: RHB Drtian Thaqi
|
0-0: Ground out 6-3 (Groundball, P, EV 86.2 MPH) Chad Manning to third
|
|
Batting: LHB Kyle Schaible
|
0-0: Ball 1-0: Ground out 5-3 (Groundball, 56, EV 88.1 MPH)
|
| Bottom of the 3rd over - 0 runs, 1 hit, 0 errors, 1 left on base; Texas 4 - Cleveland 0 |
| TOP OF THE 4TH |
|
Texas Rangers batting - Pitching for Cleveland Indians : RHP Justin Judson
|
|
Batting: RHB Casey Semenza
|
0-0: Ball 1-0: Fly out, F8 (Line Drive, 8LD, EV 88.8 MPH)
|
|
Batting: RHB Zhao-ji Chi
|
0-0: Fly out, F8 (Line Drive, 8RM, EV 90.0 MPH)
|
|
Batting: RHB Alex Sandoval
|
0-0: Ball 1-0: Called Strike 1-1: Swinging Strike 1-2: Foul Ball, location: 2F 1-2: Ball 2-2: Ball 3-2: Strikes out swinging
|
| Top of the 4th over - 0 runs, 0 hits, 0 errors, 0 left on base; Texas 4 - Cleveland 0 |
| BOTTOM OF THE 4TH |
|
Cleveland Indians batting - Pitching for Texas Rangers : RHP Lu-shan Zhào
|
|
Batting: SHB Moe Lester
|
0-0: Ground out 4-3 (Groundball, 4, EV 86.9 MPH)
|
|
Batting: LHB Arvin Dungca
|
0-0: Foul Ball, location: 2F 0-1: Ball 1-1: Ball 2-1: Hit by Pitch
|
|
Batting: LHB Hector Pedroso
|
0-0: Called Strike 0-1: Swinging Strike 0-2: Grounds out, U3 (Groundball, 3L, EV 105.6 MPH)
|
|
Batting: LHB Fernando Campos
|
0-0: Called Strike 0-1: Ball 1-1: Foul Ball, location: 2F 1-2: Ball 2-2: Foul Ball, location: 2F 2-2: Fly out, F8 (Line Drive, 8RD, EV 89.4 MPH)
|
| Bottom of the 4th over - 0 runs, 0 hits, 0 errors, 1 left on base; Texas 4 - Cleveland 0 |
| TOP OF THE 5TH |
|
Texas Rangers batting - Pitching for Cleveland Indians : RHP Justin Judson
|
|
Batting: RHB Rich Stinson
|
0-0: Called Strike 0-1: Foul Ball, location: 2F 0-2: Strikes out swinging
|
|
Batting: RHB David Casas
|
0-0: Ball 1-0: Foul Ball, location: 2F 1-1: Ball 2-1: Fly out, F8 (Flyball, 8LXD, EV 101.2 MPH)
|
|
Batting: SHB John Giesbrecht
|
0-0: Foul Ball, location: 2F 0-1: Called Strike 0-2: Ground out 6-3 (Groundball, 6, EV 98.1 MPH)
|
| Top of the 5th over - 0 runs, 0 hits, 0 errors, 0 left on base; Texas 4 - Cleveland 0 |
| BOTTOM OF THE 5TH |
|
Cleveland Indians batting - Pitching for Texas Rangers : RHP Lu-shan Zhào
|
|
Batting: RHB Paul Word
|
0-0: Ball 1-0: Foul Ball, location: 2F 1-1: Reached on error, E6 (Groundball, 6M, EV 84.4 MPH)
|
|
Batting: RHB Chad Manning
|
0-0: Ball 1-0: Called Strike 1-1: SINGLE (Line Drive, 4MD, EV 111.9 MPH) Paul Word to second
|
|
Batting: RHB Justin Ganey
|
0-0: Ball 1-0: Grounds into double play, 4-6-3 (Groundball, 4, EV 85.0 MPH) Paul Word to third
|
|
Batting: RHB Drtian Thaqi
|
0-0: Ball 1-0: Called Strike 1-1: Ball Wild Pitch! Paul Word scores 2-1: DOUBLE (Line Drive, 9LS, EV 100.0 MPH)
|
|
Batting: LHB Kyle Schaible
|
0-0: Ball 1-0: Foul Ball, location: 2F 1-1: Ball 2-1: Ground out 4-3 (Groundball, 4M, EV 87.5 MPH)
|
| Bottom of the 5th over - 1 run, 2 hits, 1 error, 1 left on base; Texas 4 - Cleveland 1 |
| TOP OF THE 6TH |
|
Texas Rangers batting - Pitching for Cleveland Indians : RHP Justin Judson
|
|
Batting: LHB Da Vo
|
0-0: Called Strike 0-1: Swinging Strike 0-2: Ball 1-2: SINGLE (Line Drive, 4D, EV 99.4 MPH)
|
|
Batting: LHB Johan de Vries
|
0-0: Ball 1-0: Ball 2-0: Called Strike 2-1: Ball 3-1: Foul Ball, location: 2F 3-2: SINGLE (Groundball, 34S, EV 73.8 MPH) (infield hit) Da Vo to second
|
|
Batting: SHB Vince Ealy
|
0-0: Ball 1-0: Swinging Strike 1-1: Ball 2-1: Called Strike 2-2: SINGLE (Groundball, 4MD, EV 92.5 MPH) (infield hit) Da Vo to third Johan de Vries to second
|
|
Batting: RHB Casey Semenza
|
0-0: Ball 1-0: Swinging Strike 1-1: Ball 2-1: Foul Ball, location: 2F 2-2: Ball 3-2: Foul Ball, location: 2F 3-2: Foul Ball, location: 2F 3-2: Strikes out looking
|
|
Batting: RHB Zhao-ji Chi
|
0-0: Ball 1-0: Called Strike 1-1: Called Strike 1-2: Ball 2-2: Fly out, F9 (Flyball, 9, EV 86.2 MPH) Runner from 3rd tags up, SCORES, no throw by RF
|
|
Batting: RHB Alex Sandoval
|
0-0: Called Strike 0-1: Fly out, F3 (Popup, 3, EV 67.5 MPH)
|
| Top of the 6th over - 1 run, 3 hits, 0 errors, 2 left on base; Texas 5 - Cleveland 1 |
| BOTTOM OF THE 6TH |
|
Cleveland Indians batting - Pitching for Texas Rangers : RHP Lu-shan Zhào
|
|
Batting: SHB Moe Lester
|
0-0: Called Strike 0-1: Ball 1-1: Ball 2-1: Ground out 6-3 (Groundball, P, EV 86.9 MPH)
|
|
Batting: LHB Arvin Dungca
|
0-0: Called Strike 0-1: Ball 1-1: Foul Ball, location: 2F 1-2: Foul Ball, location: 2F 1-2: Ground out 2-3 (Groundball, 2L, EV 69.4 MPH)
|
|
Batting: LHB Hector Pedroso
|
0-0: Called Strike 0-1: Ball 1-1: Ball 2-1: Ball 3-1: Base on Balls
|
|
Batting: LHB Fernando Campos
|
0-0: Called Strike 0-1: Ground out 4-3 (Groundball, 4, EV 80.0 MPH)
|
| Bottom of the 6th over - 0 runs, 0 hits, 0 errors, 1 left on base; Texas 5 - Cleveland 1 |
| TOP OF THE 7TH |
|
Texas Rangers batting - Pitching for Cleveland Indians : RHP Justin Judson
|
|
Pitching: RHP Justin Finch
|
|
|
Batting: RHB Rich Stinson
|
0-0: Ball 1-0: Ball 2-0: Foul Ball, location: 2F 2-1: Called Strike 2-2: Strikes out swinging
|
|
Batting: RHB David Casas
|
0-0: Foul Ball, location: 2F 0-1: Swinging Strike 0-2: SINGLE (Line Drive, 34D, EV 95.6 MPH)
|
|
Batting: SHB John Giesbrecht
|
0-0: Ball David Casas steals 2nd base 1-0: Ball 2-0: Ground out 6-3 (Groundball, 6, EV 84.4 MPH) David Casas to third
|
|
Batting: LHB Da Vo
|
0-0: Ball 1-0: Swinging Strike 1-1: Ground out 3-1 (Groundball, 34, EV 106.2 MPH)
|
| Top of the 7th over - 0 runs, 1 hit, 0 errors, 1 left on base; Texas 5 - Cleveland 1 |
| BOTTOM OF THE 7TH |
|
Cleveland Indians batting - Pitching for Texas Rangers : RHP Lu-shan Zhào
|
|
Batting: RHB Paul Word
|
0-0: SINGLE (Flyball, 4D, EV 88.8 MPH)
|
|
Batting: RHB Chad Manning
|
0-0: Ball 1-0: Ball 2-0: Fly out, F8 (Flyball, 8LXD, EV 106.2 MPH)
|
|
Batting: RHB Justin Ganey
|
0-0: SINGLE (Groundball, 6MD, EV 100.6 MPH) Paul Word to second Runner from 2nd tries for 3rd, SAFE, throw by CF made to third
|
|
Batting: RHB Drtian Thaqi
|
0-0: Ball 1-0: Foul Ball, location: 2F 1-1: Foul Ball, location: 2F 1-2: Ball 2-2: Ball 3-2: SINGLE (Line Drive, 78S, EV 101.2 MPH) Paul Word scores Justin Ganey to second Justin Ganey to third
|
|
Batting: LHB Kyle Schaible
|
0-0: Swinging Strike 0-1: Ball 1-1: Ball 2-1: Ball 3-1: Base on Balls Drtian Thaqi to second
|
|
Batting: SHB Moe Lester
|
0-0: Called Strike 0-1: Ball 1-1: Ball 2-1: Ball 3-1: Foul Ball, location: 2F 3-2: DOUBLE (Flyball, 8RXD, EV 110.6 MPH) Justin Ganey scores Drtian Thaqi scores Kyle Schaible to third
|
|
Pitching: RHP Troy Baker
|
|
|
Batting: LHB Arvin Dungca
|
0-0: Fly out, F8 (Flyball, 89D, EV 102.5 MPH) Runner from 3rd tags up, SCORES, throw by CF Moe Lester to third
|
|
Batting: LHB Hector Pedroso
|
0-0: Ball 1-0: Called Strike 1-1: SINGLE (Line Drive, 6D, EV 100.0 MPH) Moe Lester scores
|
|
Batting: LHB Fernando Campos
|
0-0: Ball 1-0: Ball 2-0: Ball 3-0: Called Strike 3-1: Fielders Choice at 2nd, 6-4 (Groundball, 6, EV 83.8 MPH)
|
| Bottom of the 7th over - 5 runs, 5 hits, 0 errors, 1 left on base; Texas 5 - Cleveland 6 |
| TOP OF THE 8TH |
|
Texas Rangers batting - Pitching for Cleveland Indians : RHP Justin Finch
|
|
Pitching: RHP Jay Woodall
|
|
|
Batting: LHB Johan de Vries
|
0-0: Ball 1-0: Ball 2-0: Fly out, F5 (Popup, 25F, EV 81.2 MPH)
|
|
Batting: SHB Vince Ealy
|
0-0: Called Strike 0-1: Ball 1-1: Swinging Strike 1-2: Strikes out looking
|
|
Batting: RHB Casey Semenza
|
0-0: Ball 1-0: Swinging Strike 1-1: Called Strike 1-2: Ball 2-2: Foul Ball, location: 2F 2-2: Strikes out swinging
|
| Top of the 8th over - 0 runs, 0 hits, 0 errors, 0 left on base; Texas 5 - Cleveland 6 |
| BOTTOM OF THE 8TH |
|
Cleveland Indians batting - Pitching for Texas Rangers : RHP Troy Baker
|
|
Batting: RHB Paul Word
|
0-0: Ground out 6-3 (Groundball, 6, EV 84.4 MPH)
|
|
Batting: RHB Chad Manning
|
0-0: Swinging Strike 0-1: Swinging Strike 0-2: Ball 1-2: Strikes out swinging
|
|
Batting: RHB Justin Ganey
|
0-0: Ball 1-0: Called Strike 1-1: Called Strike 1-2: Foul Ball, location: 2F 1-2: Strikes out swinging
|
| Bottom of the 8th over - 0 runs, 0 hits, 0 errors, 0 left on base; Texas 5 - Cleveland 6 |
| TOP OF THE 9TH |
|
Texas Rangers batting - Pitching for Cleveland Indians : RHP Jay Woodall
|
|
Pitching: RHP Cody Cagle
|
|
|
Batting: RHB Zhao-ji Chi
|
0-0: Ground out 4-3 (Groundball, 4D, EV 95.6 MPH)
|
|
Batting: RHB Alex Sandoval
|
0-0: Called Strike 0-1: Called Strike 0-2: Ball 1-2: Foul Ball, location: 2F 1-2: Foul Ball, location: 2F 1-2: Strikes out swinging
|
|
Batting: RHB Rich Stinson
|
0-0: Called Strike 0-1: Ground out 6-3 (Groundball, 6S, EV 82.5 MPH)
|
| Top of the 9th over - 0 runs, 0 hits, 0 errors, 0 left on base; Texas 5 - Cleveland 6 |
|